 Dungeon Crawl Stone Soup version 0.19.3-1-g3169bf9 (webtiles) character file.

158 Alarkh the Chopper (level 5, 0/61 HPs)
             Began as a Demonspawn Monk on Jan 26, 2017.
             Succumbed to a worker ant's poison
             ... on level 4 of the Dungeon.
             The game lasted 00:02:34 (2875 turns).

Alarkh the Chopper (Demonspawn Monk)                Turns: 2875, Time: 00:02:35

Health: 0/61       AC: 22    Str: 11    XL:     5   Next: 16%
Magic:  5/5        EV:  2    Int: 13    God:
Gold:   122        SH:  5    Dex: 15    Spells: 0 memorised, 4 levels left

rFire  . . .     SeeInvis .     a - +0 hand axe
rCold  . . .     Gourm    .     (armour currently unavailable)
rNeg   + + +     Faith    .     s - +2 buckler
rPois  +         Spirit   .     (helmet currently unavailable)
rElec  .         Reflect  .     (cloak currently unavailable)
rCorr  .         Harm     .     (gloves currently unavailable)
MR     .....     NoTele   +     (boots currently unavailable)
Stlth  +.........               (no amulet)
                                (no ring)
                                h - ring of loudness (curse)

@: lethally poisoned (0 -> -19), tree-form
A: (claws 0), repulsion field 1
a: no special abilities


You were on level 4 of the Dungeon.
You were hungry.
You were a tree.
You visited 1 branch of the dungeon, and saw 4 of its levels.

You collected 122 gold pieces.

Inventory:

Hand Weapons
 a - a +0 hand axe (weapon)
Armour
 b - a +0 robe (melded)
 j - a +0 pair of gloves (melded)
 s - a +2 buckler (worn)
Jewellery
 h - a cursed ring of loudness (left branch)
Wands
 p - a wand of disintegration (21/24)
 u - a wand of lightning (6/15)
Scrolls
 e - a scroll of fog {unknown}
 f - a scroll of immolation {unknown}
 g - 3 scrolls of magic mapping {unknown}
 k - 5 scrolls of identify {unknown}
 n - 3 scrolls of remove curse {unknown}
 q - a scroll of enchant weapon {unknown}
 r - a scroll of fear {unknown}
 v - a scroll of noise {unknown}
Books
 o - a book of Cantrips

   Spells                             Type                      Level
   a - Confusing Touch                Hexes                        1
   b - Animate Skeleton               Necromancy                   1
   c - Summon Small Mammal            Summoning                    1
   d - Apportation                    Translocation                1
Comestibles
 c - 7 bread rations
 i - 2 meat rations
 l - a beef jerky


   Skills:
 - Level 3.0 Fighting
 + Level 5.3 Axes
 - Level 2.6 Dodging
 - Level 1.7 Stealth


You had 4 spell levels left.
You didn't know any spells.

Dungeon Overview and Level Annotations

Branches:
Dungeon (4/15)
 Temple: D:4-7

Altars:
Hepliaklqana
Nemelex Xobeh


Innate Abilities, Weirdness & Mutations

((You have sharp fingernails.))
You are surrounded by a mild repulsion field. (EV +2)


Message History

* * * LOW HITPOINT WARNING * * *
You feel sick. The worker ant bites you.
* * * LOW HITPOINT WARNING * * *
You are more poisoned.
The worker ant poisons you!
The worker ant bites you but does no damage.
You hit the worker ant.
The worker ant is heavily wounded.
* * * LOW HITPOINT WARNING * * *
You feel sick.
The worker ant bites you but does no damage.
You are feeling hungry.
You barely miss the worker ant.
The worker ant is heavily wounded.
* * * LOW HITPOINT WARNING * * *
You feel sick.
The worker ant bites you but does no damage.
You closely miss the worker ant.
The worker ant is heavily wounded.
You die...

.....##<.....## ###
###.###.......##...
..## #..#
#....#..... ....
#..# #....#....
..... #..# #....#..#
#(.?.. ##..#
#....#..# #......
#..##
#.......###....#
#...###.....#†.a...#
.........#####..♣..#
######...# ##...## #
##.## ##..# #.# ##.#
### .# #. .# ##


You could see a worker ant.

Vanquished Creatures
  A scorpion (D:3)
  2 adders
  2 oozes
  An adder skeleton (D:3)
  A worm (D:1)
  2 dart slugs
  2 leopard geckos (D:1)
  6 orcs (D:3)
  6 bats
  3 giant cockroaches
  7 goblins
  6 hobgoblins
  4 jackals
  3 quokkas
  5 frilled lizards
  6 kobolds
  8 rats
65 creatures vanquished.

Notes
Turn   | Place    | Note
-------+----------+-------------------------------------------
     0 | D:1      | Alarkh the Demonspawn Monk began the quest for the Orb.
     0 | D:1      | Reached XP level 1. HP: 18/18 MP: 1/1
    90 | D:1      | Reached skill level 3 in Axes
   245 | D:1      | Gained mutation: You are surrounded by a mild repulsion field. (EV +2) [demonic ancestry]
   245 | D:1      | Reached XP level 2. HP: 24/24 MP: 2/2
   907 | D:1      | Reached XP level 3. HP: 15/29 MP: 3/3
  1267 | D:2      | Reached skill level 4 in Axes
  1686 | D:3      | Noticed a scorpion
  1699 | D:3      | Killed a scorpion
  1699 | D:3      | Reached skill level 5 in Axes
  1699 | D:3      | Gained mutation: You have sharp fingernails. [demonic ancestry]
  1699 | D:3      | Reached XP level 4. HP: 5/35 MP: 4/4
  2295 | D:3      | Found a faded altar of an unknown god.
  2295 | D:3      | Found a faded altar of an unknown god.
  2300 | D:3      | Found a faded altar of an unknown god.
  2303 | D:3      | Found a faded altar of an unknown god.
  2304 | D:3      | Found a sparkling altar of Nemelex Xobeh.
  2323 | D:3      | Found a hazy altar of Hepliaklqana.
  2460 | D:3      | Reached XP level 5. HP: 34/41 MP: 5/5
  2874 | D:4      | HP: 2/61 [poisoned by a worker ant]
  2875 | D:4      | Succumbed to a worker ant's poison

Skill      XL: |  1  2  3 |
---------------+----------+-----
Axes           | 3 5 |  5.3
Fighting       | |  3.0
Dodging        | |  2.6
Stealth        | |  1.7

Action                   |  1- 3 |  4- 6 || total
-------------------------+-------+-------++-------
Melee: Hand axe          |   147 |    93 ||   240
  Use: Potion            |     2 |     2 ||     4
 Stab: Sleeping          |     4 |       ||     4
  Eat: Chunk             |     3 |     3 ||     6
Armor: Robe              |    25 |    15 ||    40
       Skin              |       |     4 ||     4
Dodge: Dodged            |   131 |    41 ||   172
Block: Buckler           |       |    22 ||    22
